 Dungeon Crawl Stone Soup version 0.28-a0-239-g68911e0c57 (webtiles) character file.

Game seed: 18194522136778227460

1575 Lochraine the Conjurer (level 8, 0/57 HPs)
             Began as a Demigod Conjurer on Aug 23, 2021.
             Slain by Duvessa (12 damage)
             ... on level 6 of the Dungeon.
             The game lasted 00:14:56 (7522 turns).

Lochraine the Conjurer (Demigod Conjurer)           Turns: 7522, Time: 00:14:57

Health: 0/57       AC:  7    Str: 18    XL:     8   Next: 33%
Magic:  16/21      EV: 12    Int: 24    God:
Gold:   277        SH:  0    Dex: 18    Spells: 13/19 levels left

rFire   . . .      SeeInvis .   l - +2 dagger (holy)
rCold   . . .      Faith    .   (no shield)
rNeg    . . .      Spirit   .   q - +2 leather armour {rPois}
rPois   +          Reflect  .   (no helmet)
rElec   .          Harm     .   k - +0 cloak
rCorr   .          Rampage  .   b - +0 pair of gloves
Will    .....                   (no boots)
Stlth   ++........              (no amulet)
HPRegen 0.19/turn               c - +6 ring of dexterity
MPRegen 0.17/turn               p - +6 ring of strength

@: no status effects
A: high mp 1, forlorn
a: no special abilities


You were on level 6 of the Dungeon.
You visited 1 branch of the dungeon, and saw 6 of its levels.

You collected 277 gold pieces.

Inventory:

Hand Weapons
 l - a +2 dagger of holy wrath (weapon)
   (You found it on level 2 of the Dungeon)
 r - a +0 hand axe of electrocution
   (You took it off an orc priest on level 4 of the Dungeon)
Armour
 a - a +0 robe
 b - a +0 pair of gloves (worn)
   (You found it on level 1 of the Dungeon)
 i - a +0 leather armour
   (You found it on level 2 of the Dungeon)
 k - a +0 cloak (worn)
   (You found it on level 2 of the Dungeon)
 q - a +2 leather armour of poison resistance (worn)
   (You took it off an orc on level 4 of the Dungeon)
Jewellery
 c - a +6 ring of dexterity (left hand)
   (You found it on level 1 of the Dungeon)
 p - a +6 ring of strength (right hand)
   (You found it on level 5 of the Dungeon)
 v - a ring of flight
   (You took it off an orc on level 4 of the Dungeon)
 A - a ring of resist corrosion
   (You found it on level 5 of the Dungeon)
Wands
 t - a wand of flame (18)
   (You found it on level 4 of the Dungeon)
Scrolls
 d - 2 scrolls of teleportation {unknown}
 e - 3 scrolls of noise {unknown}
 g - 2 scrolls of magic mapping
 m - 2 scrolls of fear {unknown}
 s - a scroll of summoning {unknown}
 u - a scroll of amnesia {unknown}
 w - a scroll of enchant armour {unknown}
 y - a scroll of immolation {unknown}
 B - a scroll of identify {@r1}
Potions
 f - 2 potions of haste {unknown}
 h - a potion of magic {unknown}
 j - 3 potions of curing {@q1}
 n - 2 potions of attraction {!q}
 o - 2 potions of ambrosia
 x - a potion of degeneration {!q}
 z - 2 potions of lignification {unknown}
 C - a potion of flight {unknown}


   Skills:
 - Level 1.7 Dodging
 - Level 1.7 Stealth
 + Level 6.4 Spellcasting
 + Level 7.7 Conjurations
 + Level 2.3 Hexes


You had 13 spell levels left.
You knew the following spells:

 Your Spells              Type           Power      Damage    Failure   Level
a - Magic Dart            Conj           100%       1d8       1%          1
b - Searing Ray           Conj           90%        3d6       1%          2
c - Dazzling Flash        Conj/Hex       62%        N/A       3%          3

Your spell library contained the following spells:

 Spells                   Type           Power      Damage    Failure   Level
 Corona                   Hex            20%        N/A       3%          1
 Animate Skeleton         Necr           14%        N/A       9%          1
 Apportation              Tloc           14%        N/A       9%          1
 Summon Small Mammal      Summ           28%        N/A       9%          1
 Fulminant Prism          Conj/Hex       15%        3d11      12%         4
 Sublimation of Blood     Necr           3%         N/A       14%         2
 Wereblood                Tmut           7%         N/A       14%         2
 Iskenderun's Mystic Bla  Conj/Tloc      26%        2d7       19%         4
 Summon Hydra             Summ           3%         N/A       100%        7


Dungeon Overview and Level Annotations

Branches:
Dungeon (6/15)             Temple (0/1) D:6

Annotations:
D:6 Duvessa


Innate Abilities, Weirdness & Mutations

Your attributes grow dramatically as you level up.
You have an increased reservoir of magic. (+10% MP)
You shall have no god before yourself.


Message History

a +0 dagger; a +0 robe
Found an iron altar of Okawaru.
An iguana comes into view.
The iguana hisses angrily.
Aim: an iguana (84% to hit)
The searing ray hits the iguana! (Press . to maintain the ray.)
The searing ray hits the iguana.
The searing ray hits the iguana.
You kill the iguana!
You see here an iguana corpse.
Duvessa, Sister of Dowan comes into view.
She is wielding a +0 rapier and wearing a +2 scale mail of poison resistance.
An orc priest is nearby!
Found an escape hatch in the floor.
An ogre comes into view. It is wielding a +0 giant spiked club.
Okay, then.
Aim: an ogre, wielding a +0 giant spiked club (asleep, 100% to hit)
The searing ray hits the ogre!
The ogre shouts! (Press . to maintain the ray.)
The searing ray hits the ogre!
The searing ray hits the ogre!
The searing ray hits the ogre!
You kill the ogre!
You finish channeling your searing ray.
Things that are here:
a +0 giant spiked club; an ogre corpse Duvessa goes berserk!
Duvessa rages.
Unknown command.
You hear a shout!
This spell is dangerous to cast!
Memorise Fulminant Prism, consuming 4 spell levels and leaving 9?
You hear a shout!
You start memorising the spell.
You continue memorising. x3
Duvessa closely misses you.
You continue memorising.
Duvessa hits you with a +0 rapier!
Your memorisation is interrupted.
Duvessa is dazzled.
Duvessa hits you with a +0 rapier!!
* * * LOW HITPOINT WARNING * * *
Duvessa hits you with a +0 rapier!
* * * LOW HITPOINT WARNING * * *
Okay, then.
Duvessa barely misses you.
Duvessa rages.
Okay, then.
Duvessa is no longer blind.
Duvessa hits you with a +0 rapier!
* * * LOW HITPOINT WARNING * * *
Duvessa hits you with a +0 rapier!
You die...

##............ ...
##..###............# #..#
............#
..######.####>.>..........
.......#................##
#.....)................#
######.................##
#..e..##...(.......#
#..@................ ########
##......#............
.......#### #..#..###
#########.#
..........###..#.#### ##..
.......##...........# #...
##.########.#.......########
#...
#.............†...........###...
#########.......................
###...#...........)..##...


You could see Duvessa (berserk).

Vanquished Creatures
  An orc warrior (D:5)
  A black bear (D:4)
  2 ogres (D:6)
  A wyvern zombie (D:6)
  A scorpion (D:5)
  Dowan (D:6)
  A howler monkey (D:4)
  7 hounds
  3 orc priests
  A centaur zombie (D:5)
  2 jellies
  2 bullfrog skeletons (D:5)
  7 orc wizards
  3 iguanas
  A howler monkey zombie (D:5)
  8 gnolls
  5 adders
  4 shadow imps
  A worm (D:2)
  3 dart slugs (D:1)
  26 orcs
  10 endoplasms
  2 giant cockroaches (D:2)
  10 goblins
  9 hobgoblins
  9 jackals
  9 kobolds
  3 quokkas
  8 ball pythons
  7 bats
  4 frilled lizards
  8 rats
160 creatures vanquished.

Notes
Turn   | Place    | Note
-------+----------+-------------------------------------------
     0 | D:1      | Lochraine the Demigod Conjurer began the quest for the Orb.
     0 | D:1      | Reached XP level 1. HP: 14/14 MP: 5/5
   319 | D:1      | Reached XP level 2. HP: 20/20 MP: 3/7
   322 | D:1      | Learned a level 2 spell: Searing Ray
   574 | D:1      | Reached skill level 4 in Conjurations
  1137 | D:1      | Reached XP level 3. HP: 26/26 MP: 5/9
  1260 | D:1      | Learned a level 3 spell: Dazzling Flash
  2532 | D:3      | Reached XP level 4. HP: 33/33 MP: 4/11
  2930 | D:3      | Reached skill level 5 in Conjurations
  2930 | D:3      | Reached XP level 5. HP: 21/38 MP: 2/13
  3528 | D:4      | Noticed a black bear
  3981 | D:4      | Killed a black bear
  3982 | D:4      | Reached XP level 6. HP: 45/45 MP: 6/15
  4685 | D:5      | Entered Level 5 of the Dungeon
  4723 | D:5      | Reached skill level 6 in Conjurations
  4980 | D:5      | Reached XP level 7. HP: 50/50 MP: 11/17
  5047 | D:5      | Reached skill level 5 in Spellcasting
  6272 | D:5      | Reached skill level 7 in Conjurations
  6808 | D:6      | Reached XP level 8. HP: 47/57 MP: 15/20
  6886 | D:6      | Reached skill level 1 in Hexes
  7332 | D:6      | Found a staircase to the Ecumenical Temple.
  7340 | D:6      | Noticed Dowan
  7347 | D:6      | Killed Dowan
  7414 | D:6      | Noticed Duvessa
  7522 | D:6      | Slain by Duvessa

Illustrated notes

Levels and vault maps discovered:
D:1:      dpeg_arrival_castle, layout_basic
D:2:      layout_basic, minmay_statues_item, chequers_serial_rivers_small_3
D:3:      layout_basic, kennysheep_donut
D:4:      layout_cave_pools
D:5:      layout_basic, chequers_avenue, minmay_hedge_maze, st_stairs_14,
          guppyfry_early_orc_mine
D:6:      layout_rooms, okawaru_metal_pillars_3,
          minmay_temple_entry_proselytizer, minmay_misc_feat_enclosed,
          nicolae_elemental_shop, uniq_duvessa

Skill      XL: |  1  2  3  4  5  6  7  8 |
---------------+-------------------------+-----
Spellcasting   | 2 3 4 6 |  6.4
Conjurations   | 4 5 6 7 |  7.7
Hexes          | 2 |  2.3
Dodging        | |  1.7
Stealth        | |  1.7

Action                   |  1- 3 |  4- 6 |  7- 9 || total
-------------------------+-------+-------+-------++-------
Melee: Unarmed           |    13 |       |       ||    13
       Dagger            |       |    45 |    38 ||    83
 Cast: Magic Dart        |   106 |    78 |    45 ||   229
       Searing Ray       |     6 |    15 |    21 ||    42
       Dazzling Flash    |       |       |     5 ||     5
  Use: Scroll            |       |     3 |     1 ||     4
 Stab: Sleeping          |       |     2 |       ||     2
       Invisible         |       |       |     1 ||     1
Armor: Robe              |     3 |       |       ||     3
       Leather armour    |       |    16 |    15 ||    31
Dodge: Dodged            |    16 |    31 |    32 ||    79

Table legend: (Time is in decaauts)
 A = Elapsed time spent in this place.
 B = Non-inter-level travel time spent in this place.
 C = Inter-level travel time spent in this place.
 D = Time resting spent in this place.
 E = Time spent auto-exploring this place.
 F = Levels seen in this place.
 G = Mean time per level.
                   A        B        C        D        E       F      G
               +--------+--------+--------+--------+--------+-----+--------+
         Total |   7530 |   7323 |    207 |    849 |   5266 |   6 | 1255.0 |
       Dungeon |   7530 |   7323 |    207 |    849 |   5266 |   6 | 1255.0 |
               +--------+--------+--------+--------+--------+-----+--------+

Top non-repeatable levels by time:
     D:5: 2081 daAuts
     D:1: 1344 daAuts
     D:2: 1258 daAuts
     D:4: 1200 daAuts
     D:3: 1117 daAuts
     D:6: 527 daAuts
